 Dungeon Crawl Stone Soup version 0.26-a0-412-ga3d1f51b (webtiles) character file.

Game seed: 14042570838988559777

25 silenth the Slasher (level 2, -6/18 HPs)
             Began as a Deep Elf Berserker on July 25, 2020.
             Was a Follower of Trog.
             Killed from afar by an orc wizard (19 damage)
             ... with a puff of frost
             ... on level 2 of the Dungeon.
             The game lasted 00:01:31 (1348 turns).

silenth the Slasher (Deep Elf Berserker)            Turns: 1348, Time: 00:01:32

Health: -6/18      AC:  3    Str: 14    XL:     2   Next: 86%
Magic:  4/4        EV: 12    Int: 11    God:    Trog [*.....]
Gold:   89         SH:  0    Dex: 14    Spells: 1/1 levels left

rFire    + . .     SeeInvis .   a - +0 falchion
rCold    x . .     Faith    .   (no shield)
rNeg     . . .     Spirit   .   l - +0 leather armour
rPois    .         Reflect  .   (no helmet)
rElec    .         Harm     .   (no cloak)
rCorr    .                      (no gloves)
MR       +....                  (no boots)
Stlth    +.........             (no amulet)
HPRegen  0.06/turn              k - ring of protection from magic
MPRegen  0.09/turn              n - ring of fire

@: no status effects
A: no striking features
a: Berserk, Renounce Religion


You were on level 2 of the Dungeon.
You worshipped Trog.
Trog was aware of your devotion.
You visited 1 branch of the dungeon, and saw 2 of its levels.

You collected 89 gold pieces.

Inventory:

Hand Weapons
 a - a +0 falchion (weapon)
Missiles
 d - 2 atropa-tipped darts (quivered)
 g - 21 poisoned darts
Armour
 b - a +0 animal skin
 l - a +0 leather armour (worn)
 o - +0 gold dragon scales
Jewellery
 k - a ring of protection from magic (left hand)
 n - a ring of fire (right hand)
Scrolls
 e - a scroll of fear {unknown}
 h - a scroll of noise {unknown}
 j - a scroll of magic mapping {unknown}
 m - a scroll of enchant weapon {unknown}
Potions
 c - a potion of ambrosia {unknown}
 f - a potion of heal wounds {unknown}
 i - 2 potions of stabbing {unknown}


   Skills:
 + Level 2.7 Fighting
 * Level 3.4 Long Blades
 - Level 1.5 Armour
 - Level 2.4 Dodging


You had one spell level left.
You didn't know any spells.
Your spell library was empty.

Dungeon Overview and Level Annotations

Branches:
Dungeon (2/15)

Altars:


Message History

You finish putting on your +0 leather armour.
Unknown command.
You open the door.
There is an open door here.
You open the door.
There is an open door here.
You now have 89 gold pieces (gained 11).
An orc wizard comes into view.
It is wielding a +2 dagger of electrocution.
The orc wizard shouts!
You hear a shout!
An orc wizard comes into view. It is wielding a +0 dagger.
Found a stone staircase leading down.
There are monsters nearby!
There are monsters nearby!
There are monsters nearby!
The orc wizard casts a spell at you. The puff of flame hits you. You resist.
The orc wizard casts a spell at you. The puff of frost hits you!!
You feel a terrible chill!
Ouch! That really hurt!
You die...

#.........###### ..
#.........# #..
#####.........#
#.............#+#....
##..#####.....# .###
.o.>... #.....# #
.....o. ##....#
.......###.#..#
.......@...#..#
...........#..#
..###......#..#
#......#..# #......#
#......# #......# #
#......# #. #.


You could see 2 orc wizards.

Vanquished Creatures
  An ooze (D:1)
  A leopard gecko (D:1)
  3 goblins
  2 hobgoblins (D:1)
  3 bats (D:1)
  A frilled lizard (D:1)
  4 kobolds (D:1)
  7 rats (D:1)
22 creatures vanquished.

Notes
Turn   | Place    | Note
-------+----------+-------------------------------------------
     0 | D:1      | silenth the Deep Elf Berserker began the quest for the Orb.
     0 | D:1      | Reached XP level 1. HP: 13/13 MP: 3/3
    18 | D:1      | Reached skill level 3 in Long Blades
    47 | D:1      | Reached XP level 2. HP: 16/18 MP: 4/4
  1348 | D:2      | Killed from afar by an orc wizard

Illustrated notes

Levels and vault maps discovered:
D:1:      grunt_arrival_lava_bath, layout_basic
D:2:      layout_basic, lemuel_crystal_altar, chequers_ecumenical_altar_grove,
          uniq_natasha, uniq_terence

Skill      XL: |  1 |
---------------+----+-----
Long Blades    | 3 |  3.4
Fighting       | |  2.7
Armour         | |  1.5
Dodging        | |  2.4

Action                   || total
-------------------------++-------
Melee: Falchion          ||    57
Invok: Berserk           ||     2
Armor: Animal skin       ||     8
Dodge: Dodged            ||    41
       Rpst.: Falchion   ||    15

Table legend: (Time is in decaauts)
 A = Elapsed time spent in this place.
 B = Non-inter-level travel time spent in this place.
 C = Inter-level travel time spent in this place.
 D = Time resting spent in this place.
 E = Time spent auto-exploring this place.
 F = Levels seen in this place.
 G = Mean time per level.
                   A        B        C        D        E       F      G
               +--------+--------+--------+--------+--------+-----+--------+
         Total |   1381 |   1334 |     47 |    280 |    845 |   2 |  690.5 |
       Dungeon |   1381 |   1334 |     47 |    280 |    845 |   2 |  690.5 |
               +--------+--------+--------+--------+--------+-----+--------+

Top non-repeatable levels by time:
     D:1: 1212 daAuts
     D:2: 168 daAuts
